 Dungeon Crawl Stone Soup version 0.22.1-1-ga44c0e5 (webtiles) character file.

13913 Fang the Cleaver (level 12, -12/118 HPs)
             Began as a Gargoyle Berserker on Sept 28, 2018.
             Was a High Priest of Trog.
             Killed from afar by a fire giant (22 damage)
             ... with a fireball
             ... on level 11 of the Dungeon.
             The game lasted 00:15:55 (8333 turns).

Fang the Cleaver (Gargoyle Berserker)               Turns: 8333, Time: 00:15:56

Health: -12/118    AC: 17    Str: 33    XL:     12   Next: 11%
Magic:  12/12      EV: 15    Int: 11    God:    Trog [*****.]
Gold:   457        SH:  0    Dex:  9    Spells: 11/11 levels left

rFire    . . .     SeeInvis .   A - +2 war axe of Vasko {venom, rF- rN++ Str+3 Int+2}
rCold    . . .     Gourm    .   (no shield)
rNeg     + + +     Faith    +   u - +1 steam dragon scales
rPois    ∞         Spirit   .   (no helmet)
rElec    +         Reflect  .   H - +1 cloak {+Inv}
rCorr    .         Harm     .   (no gloves)
MR       .....                  (no boots)
Stlth    ..........             r - amulet of faith
HPRegen  0.29/turn              h - ring of protection from fire
MPRegen  0.13/turn              (no ring)

@: berserking (expiring), very quick
A: negative energy resistance 1, electricity resistance, unbreathing,
petrification resistance, rot immunity, AC +8
a: Berserk, Trog's Hand, Brothers in Arms, Renounce Religion, Evoke Invisibility


You were on level 11 of the Dungeon.
You worshipped Trog.
Trog was extremely pleased with you.
You were hungry.

You visited 2 branches of the dungeon, and saw 12 of its levels.

You collected 457 gold pieces.

Inventory:

Hand Weapons
 a - a +0 hand axe
 j - a +1 hand axe of electrocution
 A - the +2 war axe of Vasko (weapon) {venom, rF- rN++ Str+3 Int+2}
   (You found it on level 6 of the Dungeon)

   It poisons the flesh of those it strikes.
   It affects your strength (+3).
   It affects your intelligence (+2).
   It makes you vulnerable to fire.
   It greatly protects you from negative energy.
Armour
 i - cursed +0 ice dragon scales
 k - a scarf of repulsion
 u - +1 steam dragon scales (worn)
 H - a +1 cloak of invisibility (worn)
Jewellery
 h - a ring of protection from fire (left hand)
 p - a cursed amulet of inaccuracy {unknown}
 q - a cursed amulet of inaccuracy {unknown}
 r - an amulet of faith (around neck)
Wands
 y - a wand of polymorph (18)
 C - a wand of clouds (6)
 D - a wand of acid (18)
 E - a wand of digging (17)
 F - a wand of paralysis (13)
Scrolls
 e - 2 scrolls of remove curse
 s - a scroll of blinking
 t - 11 scrolls of teleportation
 B - a scroll of torment {unknown}
Potions
 b - 2 potions of magic
 d - 3 potions of lignification
 f - a potion of ambrosia
 g - 2 potions of might
 l - 2 potions of berserk rage
 m - a potion of haste
 n - 5 potions of curing
 o - 2 potions of agility
 v - a potion of degeneration {unknown}
 w - 2 potions of invisibility {unknown}
 x - 2 potions of brilliance {unknown}
 z - 2 potions of flight {unknown}
 G - 3 potions of heal wounds {unknown}
Comestibles
 c - 17 rations


   Skills:
 + Level 10.7 Fighting
 + Level 12.9 Axes
 + Level 2.3 Armour
 + Level 6.7 Dodging
 + Level 5.7 Stealth


You had 11 spell levels left.
You didn't know any spells.
Your spell library was empty.

Dungeon Overview and Level Annotations

Branches:
Dungeon (11/15)            Temple (1/1) D:5             Orc (0/2) D:10
   Lair: D:8-11

Altars:
Elyvilon
Fedhas
Qazlal

Shops:
D:10 (


Innate Abilities, Weirdness & Mutations

You are resistant to torment.
Your stone body is resilient. (AC +8)
You are immune to poison.
You resist negative energy. (rN+)
You are resistant to electric shocks. (rElec)
You can survive without breathing.
You are immune to petrification.
You are immune to rotting.


Message History

You feel a strong urge to attack something.
The fire giant hits you but does no damage.
You slash the fire giant!
The fire giant is poisoned.
The fire giant is lightly wounded.
Unknown command.
You slice the fire giant!!
The fire giant is heavily wounded.
The fire giant misses you.
Unknown command.
You slash the fire giant!
The fire giant looks as sick as possible!
The fire giant is heavily wounded.
You slice the fire giant!!
The fire giant looks as sick as possible!
The fire giant is severely wounded.
You hit the fire giant.
The fire giant is almost dead.
The fire giant casts a spell at you.
The fireball explodes!
The fireball engulfs you!
You die...

## ### #. ## # #. # .. ..
#.###.# ##. .# ##.@C#
##..#.#. #.###.##....#.. #.#
###...#.#.. ##########
#.####.#.##...## #........#
##....#.........
#.######.###########..#######
#.................#..#.######
########.########.#..#.# #.#
#####.#..#.#


You could see a fire giant.

Vanquished Creatures
  A frost giant (D:11)
  Josephine (D:10)
  Erolcha (D:9)
  3 two-headed ogres
  An unseen horror (D:11)
  Pikel (D:5)
  Maurice (D:9)
  A centaur skeleton (D:10)
  Prince Ribbit (D:8)
  2 trolls
  A hornet (D:8)
  3 hippogriffs
  A spriggan (D:8)
  A wraith (D:10)
  A wyvern (D:8)
  7 yaks (D:10)
  A hungry ghost (D:8)
  Menkaure (D:6)
  5 orc warriors
  3 slaves (D:5)
  3 ice beasts
  A necrophage (D:7)
  4 ogres
  A phantom (D:8)
  2 centaurs
  2 big kobolds
  5 bullfrogs
  3 scorpions
  11 wights
  2 howler monkeys (D:7)
  2 crimson imps (D:8)
  A centaur zombie (D:10)
  4 orc priests
  8 hounds
  3 jellies
  14 orc wizards
  A bullfrog skeleton (D:9)
  4 iguanas
  7 worker ants
  Robin (D:2)
  A howler monkey zombie (D:9)
  3 gnolls (D:3)
  A howler monkey skeleton (D:5)
  5 adders
  2 adder zombies
  An ooze (D:3)
  An adder skeleton (D:4)
  2 worms (D:3)
  5 leopard geckos
  33 orcs
  2 giant cockroaches (D:1)
  6 goblins
  7 hobgoblins
  6 jackals
  17 kobolds
  6 quokkas
  A ball python (D:3)
  3 bats
  2 frilled lizards (D:2)
  10 rats
230 creatures vanquished.

Vanquished Creatures (collateral kills)
  A two-headed ogre (D:10)
  A yak (D:10)
  A vampire (D:10)
  2 wraiths (D:10)
  A black bear (D:8)
  An ogre (D:10)
  5 orcs
12 creatures vanquished.

Vanquished Creatures (others)
  A slave (D:5)
  A quokka (D:8)
2 creatures vanquished.

Grand Total: 244 creatures vanquished

Notes
Turn   | Place    | Note
-------+----------+-------------------------------------------
     0 | D:1      | Fang the Gargoyle Berserker began the quest for the Orb.
     0 | D:1      | Reached XP level 1. HP: 14/14 MP: 1/1
   256 | D:1      | Reached XP level 2. HP: 19/19 MP: 2/2
   403 | D:1      | Reached skill level 3 in Axes
   468 | D:1      | Reached ** piety under Trog
   726 | D:2      | Reached XP level 3. HP: 20/23 MP: 3/3
   743 | D:2      | Noticed Robin
   746 | D:2      | Killed Robin
  1128 | D:3      | Reached XP level 4. HP: 26/29 MP: 4/4
  1180 | D:3      | Reached skill level 4 in Axes
  1830 | D:3      | Reached XP level 5. HP: 30/33 MP: 5/5
  1947 | D:4      | Noticed an ogre
  1955 | D:4      | Killed an ogre
  2133 | D:4      | Reached XP level 6. HP: 7/38 MP: 6/6
  2138 | D:4      | Reached skill level 1 in Stealth
  2149 | D:4      | Reached skill level 5 in Axes
  2414 | D:4      | Reached *** piety under Trog
  2791 | D:4      | Reached XP level 7. HP: 44/44 MP: 7/7
  3143 | D:5      | Entered Level 5 of the Dungeon
  3143 | D:5      | Noticed Pikel
  3156 | D:5      | Killed Pikel
  3156 | D:5      | Reached skill level 5 in Fighting
  3156 | D:5      | Reached skill level 6 in Axes
  3156 | D:5      | Reached XP level 8. HP: 24/50 MP: 8/8
  3560 | D:5      | Reached skill level 7 in Axes
  3700 | D:5      | Found a staircase to the Ecumenical Temple.
  3847 | Temple   | Entered the Ecumenical Temple
  3909 | D:6      | Found a stormy altar of Qazlal.
  3923 | D:6      | Got a dazzling war axe
  3924 | D:6      | Identified the +2 war axe of Vasko {venom, rF- rN++ Str+3
                  | Int+2} (You found it on level 6 of the Dungeon)
  3998 | D:6      | Noticed Menkaure
  4005 | D:6      | Killed Menkaure
  4154 | D:6      | Found Nowiz's Magic Scroll Shoppe.
  4190 | D:6      | Found a blossoming altar of Fedhas.
  4457 | D:7      | Reached skill level 8 in Axes
  4463 | D:7      | Reached XP level 9. HP: 55/56 MP: 9/9
  4696 | D:7      | Reached **** piety under Trog
  4928 | D:7      | Found a stormy altar of Qazlal.
  5083 | D:8      | Noticed a two-headed ogre
  5089 | D:8      | Killed a two-headed ogre
  5089 | D:8      | Reached skill level 9 in Axes
  5089 | D:8      | Reached skill level 5 in Dodging
  5138 | D:8      | Noticed a hornet
  5154 | D:8      | Killed a hornet
  5154 | D:8      | Reached XP level 10. HP: 6/64 MP: 10/10
  5544 | D:8      | Reached skill level 10 in Axes
  5569 | D:8      | Noticed Prince Ribbit
  5588 | D:8      | Killed Prince Ribbit
  5659 | D:8      | Reached ***** piety under Trog
  5716 | D:8      | Found a white marble altar of Elyvilon.
  5924 | D:8      | Received a gift from Trog
  6375 | D:9      | Noticed a two-headed ogre
  6381 | D:9      | Killed a two-headed ogre
  6384 | D:9      | Reached skill level 11 in Axes
  6690 | D:9      | Noticed Maurice
  6706 | D:9      | Killed Maurice
  6736 | D:9      | Noticed Erolcha
  6750 | D:9      | Reached XP level 11. HP: 49/71 MP: 11/11
  6757 | D:9      | Killed Erolcha
  7102 | D:10     | Entered Level 10 of the Dungeon
  7102 | D:10     | Found Urhoukh's Antique Weapon Emporium.
  7119 | D:10     | Reached skill level 5 in Stealth
  7122 | D:10     | Found a staircase to the Orcish Mines.
  7122 | D:10     | Noticed a two-headed ogre
  7128 | D:10     | Killed a two-headed ogre
  7399 | D:10     | Received a gift from Trog
  7545 | D:10     | Noticed Josephine
  7558 | D:10     | Killed Josephine
  7558 | D:10     | Reached skill level 12 in Axes
  7582 | D:10     | Reached skill level 10 in Fighting
  7601 | D:10     | Noticed a two-headed ogre
  7606 | D:10     | Killed a two-headed ogre
  8312 | D:11     | Killed an unseen horror
  8316 | D:11     | Noticed a fire giant
  8316 | D:11     | Noticed a frost giant
  8326 | D:11     | Killed a frost giant
  8326 | D:11     | Reached XP level 12. HP: 8/79 MP: 12/12
  8333 | D:11     | Killed from afar by a fire giant

Skill      XL: |  1  2  3  4  5  6  7  8  9 10 11 |
---------------+----------------------------------+-----
Axes           | 3 4 5 6 8 9 11 12 | 12.9
Dodging        | 2 3 4 5 6 |  6.7
Fighting       | 4 5 6 7 9 10 | 10.7
Stealth        | 1 2 3 4 5 |  5.7
Armour         | |  2.3

Action                   |  1- 3 |  4- 6 |  7- 9 | 10-12 || total
-------------------------+-------+-------+-------+-------++-------
Melee: Hand axe          |    91 |    96 |    30 |       ||   217
       War axe           |       |       |   127 |   306 ||   433
Invok: Berserk           |     1 |     3 |     5 |     4 ||    13
       Brothers in Arms  |       |       |     1 |     1 ||     2
  Use: Potion            |       |       |     2 |     1 ||     3
       Scroll            |       |       |       |    18 ||    18
 Stab: Sleeping          |     1 |       |     2 |     6 ||     9
       Distracted        |       |       |       |     1 ||     1
  Eat: Chunk             |     1 |     7 |    11 |    14 ||    33
       Ration            |       |       |     1 |     1 ||     2
Armor: Animal skin       |    23 |    14 |       |       ||    37
       Steam dragon scal |       |    30 |    62 |    92 ||   184
       Skin              |       |       |     1 |     2 ||     3
Dodge: Dodged            |    58 |    76 |   105 |   158 ||   397
       Deflected         |       |       |     1 |     5 ||     6
